 Dungeon Crawl Stone Soup version 0.15.2 (webtiles) character file.

8013 ghwc the Carver (level 11, -15/127 HPs)
             Began as a Demonspawn Fighter on Nov 16, 2014.
             Was a Priest of Makhleb.
             Demolished by Urug
             ... wielding a cursed +0 war axe
              (17 damage)
             ... on Level 10 of the Dungeon.
             The game lasted 00:18:20 (11092 turns).

ghwc the Carver (Demonspawn Fighter)               Turns: 11092, Time: 00:18:21

HP -15/127       AC 25     Str 16      XL: 11   Next:  4%
MP  21/21        EV  2     Int 10      God: Makhleb [***...]
Gold 442         SH  9     Dex 21      Spells:  0 memorised, 10 levels left

rFire  . . .     SeeInvis .     a - +3 long sword (freeze)
rCold  . . .     Clarity  .     b - melded +0 scale mail
rNeg   + + +     rCorr    .     c - +0 shield
rPois  +         rRot     .     (helmet unavailable)
rElec  .         Spirit   .     z - melded +1 cloak (curse)
SustAb .         Warding  .     (gloves currently unavailable)
rMut   .         NoTele   +     u - melded +0 pair of boots
Gourm  .                        (no amulet)
MR     .....                    (no ring)
                                (no ring)

@: agile, tree-form, not resistant to hostile enchantments, fairly stealthy
A: (horns 0), rugged brown scales 2, (cold resistance 0), demonic guardian 1,
augmentation 1
a: Minor Destruction, Lesser Servant of Makhleb, Renounce Religion


You were on level 10 of the Dungeon.
You worshipped Makhleb.
Makhleb was most pleased with you.
You were not hungry.
You were an animated tree.
You visited 2 branches of the dungeon, and saw 11 of its levels.

You collected 472 gold pieces.
You spent 30 gold pieces at shops.

Inventory:

Hand weapons
 a - a +3 long sword of freezing (weapon)
 j - a +3 long sword
 n - a +0 long sword
 q - a +0 blowgun
Missiles
 y - 7 poisoned needles
Armour
 b - a +0 scale mail (melded)
 c - a +0 shield (worn)
 u - a +0 pair of boots (melded)
 z - a cursed +1 cloak (melded)
Magical devices
 p - a wand of flame (8)
 r - a wand of fireball (2)
 C - a wand of magic darts (19)
Comestibles
 d - 2 bread rations
 e - 8 fruits
 E - 6 slices of pizza
Scrolls
 h - a scroll of blinking
 i - 2 scrolls of amnesia
 l - 5 scrolls of remove curse
 B - a scroll of recharging
 D - 6 scrolls of identify
Jewellery
 s - an uncursed ring of flight {unknown}
 t - a +4 ring of evasion {unknown}
 x - an uncursed amulet of resist corrosion {unknown}
Potions
 f - 4 potions of cure mutation
 g - 3 potions of cancellation
 k - a potion of restore abilities
 o - a potion of heal wounds {unknown}
 v - 2 potions of brilliance
Magical staves
 m - an uncursed staff of conjuration


   Skills:
 + Level 6.2 Fighting
 * Level 13.6 Long Blades
 - Level 2.6 Armour
 - Level 2.6 Shields
 + Level 6.9 Invocations


You had 10 spell levels left.
You didn't know any spells.

Dungeon Overview and Level Annotations

Branches:
Dungeon (10/15)            Temple (1/1) D:6            Lair (0/8) D:10
    Orc: D:9-12

Altars:
Ashenzari
Elyvilon
Fedhas
Makhleb
Nemelex Xobeh
Okawaru
Qazlal
Sif Muna
Trog
Vehumet
Zin
The Shining One

Shops:
D:5 ?   D:9 ?

Annotations:
D:10 Urug


Innate Abilities, Weirdness & Mutations

((You have a pair of large horns on your head.))
(You are mostly covered in rugged brown scales (AC +2, +5% HP).)
((Your flesh is cold resistant.))
A weak demonic guardian rushes to your aid.
Your magical and physical power is slightly enhanced at high health.


Message History

Urug is heavily wounded.
Urug closely misses you.
Urug hits your iron imp but does no damage.
Your iron imp barely misses Urug.
You closely miss Urug.
Urug is heavily wounded.
Your iron imp disappears in a puff of smoke!
Urug grins and says, "Time to carve some turkeys."
Urug hits you with a war axe!!
* * * LOW HITPOINT WARNING * * *
You closely miss Urug.
Urug is heavily wounded.
Drink which item? (? for menu, Esc to quit)
You turn into an animated tree.
Your cursed +1 cloak melds into your body.
Your +0 pair of boots melds into your body.
Your +0 scale mail melds into your body.
Your roots penetrate the ground.
It was a potion of lignification.
Urug hits you with a war axe!
You die...

#..# ##.#
#.# ####.##
#.....# ...
..###.....#
...
#.........#
...
#####...>.#
##.♣(##
#.#o.#
#.......
#.#...♣...
.....♣.♣...
#....♣.♣.♣.
#+..♣.♣.♣.
..♣ ♣ _ .


You could see Urug.

Vanquished Creatures
  A two-headed ogre (D:9)
  Grinder (D:6)
  2 basilisks (D:10)
  The ghost of bullock the Ruinous, an average GrWz of Vehumet (D:4)
  18 yaks
  A hungry ghost (D:8)
  A hippogriff (D:5)
  An orc warrior (D:7)
  An ice beast (D:5)
  3 porcupines (D:10)
  5 sky beasts
  2 crocodiles
  7 ogres
  A necrophage (D:10)
  A phantom (D:8)
  A centaur (D:7)
  5 giant frogs
  2 big kobolds
  4 scorpions
  2 jellies
  4 wights
  7 killer bees (D:7)
  4 crimson imps
  A goliath beetle (D:5)
  2 iguanas
  2 giant frog zombies (D:9)
  2 hounds (D:7)
  An orc priest (D:5)
  3 orc wizards (D:5)
  4 worker ants
  A sheep (D:8)
  A killer bee zombie (D:9)
  Ijyb (D:6)
  A hound zombie (D:6)
  2 hound skeletons
  A mummy (D:6)
  13 adders
  2 green rats
  2 shadow imps
  5 giant mites
  2 worms
  An iguana zombie (D:8)
  2 orc skeletons
  4 giant geckos
  An ooze (D:4)
  13 orcs
  15 bats
  A bat skeleton (D:5)
  5 giant cockroaches
  16 goblins
  15 hobgoblins
  16 jackals
  19 kobolds
  3 quokkas
  4 ball pythons
  4 giant newts
  A goblin skeleton (D:4)
  An orc zombie (D:8)
  10 rats
252 creatures vanquished.

Vanquished Creatures (collateral kills)
  2 yaks (D:9)
  A black bear (D:8)
  A centaur (D:6)
  A big kobold (D:8)
  A sheep (D:8)
  A kobold (D:10)
  2 rats
9 creatures vanquished.

Vanquished Creatures (others)
  A wizard (D:7)
  5 quasits
  9 crimson imps
  7 iron imps
  2 white imps
  5 ufetubi
29 creatures vanquished.

Grand Total: 290 creatures vanquished

Notes
Turn   | Place    | Note
--------------------------------------------------------------
     0 | D:1      | ghwc, the Demonspawn Fighter, began the quest for the Orb.
     0 | D:1      | Reached XP level 1. HP: 18/18 MP: 1/1
   407 | D:1      | Gained mutation: You are partially covered in rugged brown scales (AC +1, +3% HP). [demonic ancestry]
   407 | D:1      | Reached XP level 2. HP: 17/24 MP: 2/2
  1156 | D:2      | Reached XP level 3. HP: 18/29 MP: 3/3
  1789 | D:2      | Found a white marble altar of Elyvilon.
  2041 | D:2      | Gained mutation: You have a pair of small horns on your head. [demonic ancestry]
  2041 | D:2      | Reached XP level 4. HP: 36/36 MP: 4/4
  2191 | D:2      | Reached skill level 4 in Long Blades
  3347 | D:4      | Gained mutation: Your flesh is cold resistant. [demonic ancestry]
  3347 | D:4      | Reached XP level 5. HP: 32/42 MP: 5/5
  3518 | D:4      | Found a glowing silver altar of Zin.
  3617 | D:4      | Noticed bullock's ghost (average GrWz)
  3624 | D:4      | Killed bullock's ghost
  3624 | D:4      | Reached skill level 6 in Long Blades
  3624 | D:4      | Gained mutation: A weak demonic guardian rushes to your aid. [demonic ancestry]
  3624 | D:4      | Reached XP level 6. HP: 34/48 MP: 6/6
  4417 | D:5      | Entered Level 5 of the Dungeon
  4488 | D:5      | Reached skill level 7 in Long Blades
  4488 | D:5      | Gained mutation: You have a pair of horns on your head. [demonic ancestry]
  4488 | D:5      | Reached XP level 7. HP: 19/53 MP: 7/7
  4685 | D:5      | Found Klag's Magic Scroll Shoppe.
  4691 | D:5      | Bought a scroll of identify for 30 gold pieces
  4739 | D:5      | Found a sparkling altar of Nemelex Xobeh.
  4908 | D:5      | Reached skill level 8 in Long Blades
  5530 | D:5      | Reached XP level 8. HP: 59/59 MP: 8/8
  5642 | D:6      | Reached skill level 9 in Long Blades
  5665 | D:6      | Found a radiant altar of Vehumet.
  5904 | D:6      | Found a staircase to the Ecumenical Temple.
  5915 | D:6      | Noticed Ijyb
  6058 | D:6      | Killed Ijyb
  6205 | D:6      | Noticed Grinder
  6216 | D:6      | Killed Grinder
  6216 | D:6      | Reached skill level 10 in Long Blades
  6912 | Temple   | Entered the Ecumenical Temple
  6987 | Temple   | Became a worshipper of Makhleb the Destroyer
  7045 | D:7      | Gained mutation: You are mostly covered in rugged brown scales (AC +2, +5% HP). [demonic ancestry]
  7045 | D:7      | Reached XP level 9. HP: 59/66 MP: 9/9
  7069 | D:7      | Found a stormy altar of Qazlal.
  7154 | D:7      | Reached skill level 11 in Long Blades
  7664 | D:7      | Found a bloodstained altar of Trog.
  7667 | D:7      | Noticed a wizard
  7673 | D:7      | Killed a wizard
  7780 | D:7      | Reached skill level 12 in Long Blades
  7784 | D:7      | Acquired Makhleb's first power
  8091 | D:7      | Reached skill level 1 in Invocations
  8762 | D:8      | Gained mutation: You have a pair of large horns on your head. [demonic ancestry]
  8762 | D:8      | Reached XP level 10. HP: 44/74 MP: 14/16
  8766 | D:8      | Acquired Makhleb's second power
  8885 | D:8      | Noticed a two-headed hydra
  9701 | D:9      | Reached skill level 5 in Invocations
  9948 | D:9      | Reached skill level 5 in Fighting
  9948 | D:9      | Reached skill level 13 in Long Blades
 10378 | D:9      | Found Bloagen's Magic Scroll Shop.
 10638 | D:9      | Acquired Makhleb's third power
 10943 | D:10     | Entered Level 10 of the Dungeon
 10979 | D:10     | Gained mutation: Your magical and physical power is slightly enhanced at high health. [demonic ancestry]
 10979 | D:10     | Reached XP level 11. HP: 85/85 MP: 21/21
 10998 | D:10     | Found a staircase to the Lair.
 11073 | D:10     | Noticed Urug
 11080 | D:10     | Found an iron altar of Okawaru.
 11090 | D:10     | HP: 1/85 [Urug/war axe (24)]
 11092 | D:10     | Demolished by Urug

Action                   |  1- 3 |  4- 6 |  7- 9 | 10-12 || total
-------------------------+-------+-------+-------+-------++-------
Melee: Long sword        |   104 |   134 |   332 |   221 ||   791
 Fire: Blowgun           |       |       |     7 |       ||     7
Evoke: Wand              |       |       |     5 |     1 ||     6
  Use: Potion            |       |     1 |     4 |     3 ||     8
       Scroll            |       |    12 |     2 |     7 ||    21
 Stab: Distracted        |       |       |     5 |     3 ||     8
  Eat: Royal jelly       |     1 |       |       |       ||     1
       Chunk             |     2 |     4 |     2 |       ||     8
       Beef jerky        |       |     3 |     1 |     3 ||     7
       Fruit             |       |       |     6 |     5 ||    11
       Meat ration       |       |       |     1 |       ||     1
